[Event "MČR mládeže v rapid šachu 2024 H10"]
[Site "Harrachov, Czech Republic"]
[Date "????.??.??"]
[Round "4.3"]
[White "Bucek Vit"]
[Black "Krivka Lukas"]
[Result "1-0"]
[TimeControl "20+5"]
[WhiteFideId "23750812"]
[BlackFideId "23752092"]
[WhiteElo "1586"]
[BlackElo "1489"]

1. e4 c6 2. d4 d5 3. Nc3 dxe4 4. Nxe4 Bf5 5. Ng3 Bg6 6.
h4 h6 7.
Nf3 Nd7 8. h5 Bh7 9. Bd3 Bxd3 10. Qxd3 e6 11. Bd2 Qc7 12. O-O-O Ngf6 13. Rde1 Bd6 14.
Ne4 Nxe4 15. Qxe4 Nf6 16. Qd3 Bf4 17. Ne5 Bxd2+ 18. Qxd2 Nd7 19. Nxd7 Qxd7 20. Qc3 O-O-O 21. Rd1 Qd5 22.
Kb1 Rd7 23. Qa3 a6 24. Qg3 f6 25. Rhe1 e5 26. c3 exd4 27. cxd4 Qxh5 28. d5 Rxd5 29. Rxd5 Qxd5 30. Qxg7 Qd3+ 31.
Ka1 Rd8 32. a3 Qd2 33. Qg4+ Qd7 34. Qf3 Qd6 35. Qh3+ Kc7 36. Qxh6 Qd2 37. Qxd2 Rxd2 38. Rf1 Kd6 39. Kb1 Rd5 40.
Kc2 Rg5 41. g3 b5 42. Rd1+ Kc7 43. Rd4 Rf5 44. f4 c5 45. Rd2 Rh5 46. Kd3 Rh3 47. Rg2 f5 48. Ke3 b4 49. axb4 cxb4 50. Kf3 a5 51. Rc2+ Kb6 52.
Kg2 Rh8 53. Re2 a4 54. Re6+ Kb7 55. Re7+ Kb6 56. Re6+ Kc5 57. Re5+ Kc4 58. Rxf5 Kb3 59. Rb5 a3 60. bxa3 Kxa3 61. g4 b3 62. f5 b2 63. g5 Rg8 64. g6 Ka2 65. Kf3 b1=Q 66.
Rxb1 Kxb1 67. Kg4 Kc2 68. Kg5 Kd3 69. f6 Ke4 70. f7 Ra8 71. g7 Ra5+ 72. Kh6 Ra6+ 73. Kh7 Ra1 74. f8=Q Rh1+ 75. Kg8 Ra1 76. Qe7+ Kf5 77. Qd7+ Ke5 78.
Qc7+ Kf5 79. Qc5+ Ke6 80. Kh8 Rh1+ 81. Kg8 Ra1 82. Qc6+ Ke7 83. Qb7+ Ke6 84. Qf7+ Kd6 85. Qf6+ 1-0



[ePGN "0.1;DGT LiveChess/2.2.6"]

[Event "MČR mládeže v rapid šachu 2024 H10"]
[Site "Harrachov, Czech Republic"]
[Date "????.??.??"]
[Round "4.4"]
[White "Strihavka Petr"]
[Black "Temirbek Amirali"]
[Result "1-0"]
[TimeControl "20+5"]
[WhiteFideId "23760702"]
[BlackFideId "447019808"]
[WhiteElo "1546"]
[BlackElo "1514"]

1. e4 e5 2. Nf3 Nc6 3.
Nc3 Nf6 4. d4 exd4 5. Nxd4 Bb4 6. Nxc6 bxc6 7. Bd3 O-O 8. O-O a5 9. Bg5 Be7 10. e5 Nd5 11. Bxe7 Qxe7 12. Nxd5 cxd5 13.
Re1 Bb7 14. Qg4 Bc6 15. Re3 f6 16. e6 dxe6 17. Rxe6 Qc5 18. Qh5 h6 19. Rae1 Rf7 20. Qg6 Bd7 21. Qh7+ Kf8 22. Qh8# 1-0



[ePGN "0.1;DGT LiveChess/2.2.6"]

[Event "MČR mládeže v rapid šachu 2024 H10"]
[Site "Harrachov, Czech Republic"]
[Date "????.??.??"]
[Round "4.5"]
[White "Vo Daniel"]
[Black "Bohm Ondrej"]
[Result "1-0"]
[TimeControl "20+5"]
[WhiteFideId "23761229"]
[BlackFideId "23773928"]
[WhiteElo "1679"]
[BlackElo "1515"]

1. e4 e5 2. Nf3 Nc6 3. d4 exd4 4.
Bc4 Bc5 5. c3 dxc3 6. Bxf7+ Kxf7 7. Qd5+ Ke8 8. Qh5+ g6 9. Qxc5 Nge7 10. Qxc3 Rf8 11. Bh6 Rg8 12. Nbd2 d5 13. O-O d4 14.
Qc4 Bg4 15. Ng5 Qd7 16. Nxh7 Kd8 17. Nf6 Qd6 18. Nxg8 Be6 19. Qd3 Nxg8 20. Bg5+ Kd7 21. f4 Qc5 22. f5 Bf7 23. Rac1 Nb4 24.
Qh3 Qb6 25. fxg6+ Be6 26. Rf7+ Ke8 27. Qf3 d3+ 28. Be3 Qd6 29. Bc5 Qe5 30. Rf8+ Kd7 31. Rxa8 Nxa2 32. Qxd3+ Kc6 33. Bd6+ Kb6 1-0



[ePGN "0.1;DGT LiveChess/2.2.6"]

[Event "MČR mládeže v rapid šachu 2024 H10"]
[Site "Harrachov, Czech Republic"]
[Date "????.??.??"]
[Round "4.6"]
[White "Burel Jan"]
[Black "Trejbal Jindrich"]
[Result "1/2-1/2"]
[TimeControl "20+5"]
[WhiteFideId "23754907"]
[BlackFideId "23743948"]
[WhiteElo "1566"]
[BlackElo "1631"]

1. e4 e5 2. Nf3 Nf6 3. Nc3 Nc6 4. Bb5 Bb4 5. d3 d6 6. Qe2 O-O 7. Bg5 h6 8. Bd2 a6 9. Bc4 Be6 10. Nd5 Bxd2+ 11. Qxd2 b5 12.
Nxf6+ Qxf6 13. Bb3 Nd4 14. Nxd4 exd4 15. O-O Rae8 16. Qa5 Bxb3 17. axb3 Re6 18. Qxa6 Qe5 19. Ra5 Qc5 20. Rc1 c6 21.
Qa7 Qg5 22. Raa1 Rg6 23. g3 c5 24. Qd7 f5 25. exf5 Rxf5 26. Ra8+ Kh7 27. Rf1 Rgf6 28. Qe8 Rf8 29. Qc6 Rxa8 30.
Qxa8 Rf6 31. f4 Qg4 32. Qf3 Qxf3 33. Rxf3 Re6 34. Kf2 d5 35. c3 Ra6 36. cxd4 cxd4 37. Kg2 Kg6 38. Kh3 Ra2 39. Rf2 h5 40. g4 Kh6 41. g5+ Kg6 42.
Kh4 Ra1 43. f5+ Kf7 44. Rd2 g6 45.
f6 Re1 46. Kg3 Re3+ 47. Kh4 b4 1/2-1/2



[ePGN "0.1;DGT LiveChess/2.2.6"]

[Event "MČR mládeže v rapid šachu 2024 H10"]
[Site "Harrachov, Czech Republic"]
[Date "????.??.??"]
[Round "4.7"]
[White "Kobersky Matyas"]
[Black "Macharacek Jakub"]
[Result "1/2-1/2"]
[TimeControl "20+5"]
[WhiteFideId "23747501"]
[BlackFideId "23766697"]
[WhiteElo "1533"]
[BlackElo "1584"]

1. d4 d5 2. c4 e6 3.
cxd5 exd5 4. Nc3 Nf6 5. Bg5 c6 6. e3 Bf5 7. Bd3 Bxd3 8.
Qxd3 Nbd7 9. Nge2 h6 10. Bh4 Bd6 11. f3 Qc7 12. e4 dxe4 13. fxe4 Bb4 14. a3 Ba5 15. Bg3 Qd8 16. Rf1 Qe7 17.
Rf3 O-O 18. e5 Nd5 19. O-O-O Nxc3 20. Nxc3 Rac8 21. Re3 b5 22. Bf4 Bb6 23. Rg3 Kh8 24. Qe3 f6 25. exf6 Qxe3+ 26. Bxe3 Nxf6 27.
Rf1 a5 28. Rf5 Rcd8 29. Ne2 Nd5 30. Rxf8+ Rxf8 31. Bd2 Re8 32. Kd1 Bc7 33. Rh3 Re4 34. g3 Bb6 35. Rh5 Bxd4 36. Nxd4 Rxd4 37.
Kc2 a4 38. Rf5 Kh7 39. Rf7 Kg6 40. Ra7 Kf6 41. h4 Rg4 42. Be1 Ne3+ 43. Kd3 Nc4 44. Bc3+ Ke6 45. Rxg7 Rxg7 46. Bxg7 h5 47.
Bd4 Kd5 48. Bc3 c5 49. Bf6 Ne5+ 50. Kc3 Ng4 51. Bg5 Nh2 52. Bf4 Nf3 53. Be3 Ne1 54. Bf2 Nf3 55. Be3 Ne5 56. Bf2 Nc6 57.
Be3 b4+ 58. axb4 cxb4+ 59. Kd3 Ne5+ 60. Kc2 Nc4 61. Bc1 Kd4 62. b3 Na3+ 63. Bxa3 bxa3 64.
bxa4 Ke4 65. Kb3 Kf3 66. Kxa3 1/2-1/2



[ePGN "0.1;DGT LiveChess/2.2.6"]

[Event "MČR mládeže v rapid šachu 2024 H10"]
[Site "Harrachov, Czech Republic"]
[Date "????.??.??"]
[Round "4.8"]
[White "Stepnicka Filip"]
[Black "Sromek Sebastian"]
[Result "1-0"]
[TimeControl "20+5"]
[WhiteFideId "23771542"]
[BlackFideId "23775122"]
[WhiteElo "1531"]
[BlackElo "1525"]

1. e4 e6 2. d4 d5 3. Nc3 dxe4 4. Nxe4 Bd7 5. Nf3 Bc6 6. Ng3 Nf6 7. Bc4 Be7 8. Be3 O-O 9. O-O Bxf3 10.
Qxf3 Nc6 11. Rad1 Nb4 12. c3 Nc6 13. b4 a6 14. a4 Rb8 15. Bxa6 bxa6 16. Qxc6 Rb6 17. Qf3 Nd5 18. Rc1 Qd7 19.
a5 Rc6 20. Bd2 Rd6 21. c4 Nf6 22. Be3 Qc8 23. Rfd1 Rd7 24. b5 axb5 25. cxb5 Qb8 26. Rb1 Nd5 27. Rdc1 h6 28. a6 Ba3 29.
Rc6 f5 30. Bf4 Nxf4 31. Qxf4 Bd6 32. Qf3 Bxg3 33. Qxg3 Rxd4 34. Qxc7 Qxb5 35. Rbc1 Rfd8 36. h3 R8d7 37. Qc8+ Rd8 38. Qb7 Qe5 39. Rc8 Kh7 40. Rxd8 Rxd8 41. a7 Qf4 42. Rb1 Qa4 43.
Qb8 Qa5 44. Qxd8 Qxd8 45. Rb8 Qd1+ 46. Kh2 Qd6+ 47. g3 Qd2 48. a8=Q Qxf2+ 49. Qg2 Qa7 50. Rb7 Qa3 51. Qb2 Qf8 52.
Rb8 Qf7 53. Qb7 Qf6 54. Qa8 Qd4 55. Rh8+ Kg6 56. Qe8+ Kf6 57. Rxh6+ Ke5 58. Qb8+ Ke4 59. Rh4+ Kd5 60. Rxd4+ Kxd4 61. Qa7+ Ke5 62. Qxg7+ Kd6 63. h4 e5 64. Qf6+ Kd5 65. Qxf5 Kd4 66. Kg2 e4 67. Kf2 e3+ 68. Ke2 Kc3 69.
Kxe3 Kc4 70. Qg5 Kc3 71. Qc5+ Kb3 72. Kd3 Kb2 73. Qc3+ Ka2 74. Qb4 Ka1 75. Kc3 Ka2 76. Qb2# 1-0



[ePGN "0.1;DGT LiveChess/2.2.6"]

[Event "MČR mládeže v rapid šachu 2024 H10"]
[Site "Harrachov, Czech Republic"]
[Date "????.??.??"]
[Round "5.1"]
[White "Hlavacek Pavel"]
[Black "Zidek Damian"]
[Result "0-1"]
[TimeControl "20+5"]
[WhiteFideId "23761768"]
[BlackFideId "23761652"]
[WhiteElo "1641"]
[BlackElo "1763"]

1. d4 e6 2. c4 Nf6 3. Nc3 Bb4 4. Bg5 h6 5. Bh4 c5 6.
e3 Bxc3+ 7. bxc3 d6 8. Nf3 O-O 9. Bd3 Nc6 10. O-O b6 11. d5 Na5 12. e4 e5 13. Nd2 Bg4 14. Be2 Bxe2 15.
Qxe2 g5 16. Bg3 Nh7 17. Nb3 Nb7 18. a4 Qd7 19. a5 f5 20. exf5 Qxf5 21. a6 Nd8 22. Nd2 Nf7 23. Qe4 Qxe4 24. Nxe4 Kg7 25. f3 Nf6 26. Ra2 Nxe4 27. fxe4 Nh8 28. Raf2 Rxf2 29.
Rxf2 Ng6 30. Kf1 Nf4 31. Bxf4 exf4 32. Re2 Kf6 33. Kf2 Ke5 34. Kf3 h5 35. h3 Rg8 36. g4 fxg3 37. Kxg3 Rf8 38. Kg2 Rf4 39. Re3 g4 40.
hxg4 hxg4 41. Re2 Rxe4 42. Rf2 Rxc4 43. Rf7 Rxc3 44. Rxa7 Ra3 45. Ra8 Kxd5 46. a7 b5 0-1



[ePGN "0.1;DGT LiveChess/2.2.6"]

[Event "MČR mládeže v rapid šachu 2024 H10"]
[Site "Harrachov, Czech Republic"]
[Date "????.??.??"]
[Round "5.2"]
[White "Strihavka Petr"]
[Black "Bucek Vit"]
[Result "1-0"]
[TimeControl "20+5"]
[WhiteFideId "23760702"]
[BlackFideId "23750812"]
[WhiteElo "1546"]
[BlackElo "1586"]

1. e4 c5 2. Nf3 Nc6 3. d4 cxd4 4.
Nxd4 g6 5. Nc3 Bg7 6. Be3 Nf6 7. Be2 d6 8.
O-O O-O 9. h3 Bd7 10. Qd2 Rc8 11. Rad1 Ne5 12. Bh6 Nc4 13. Bxc4 Rxc4 14. Bxg7 Kxg7 15. f4 Qb6 16. b3 Rcc8 17.
e5 dxe5 18. fxe5 Ne8 19. Nd5 Qc5 20. b4 Qc4 21. Nxe7 Rd8 22. Nef5+ Kh8 23. Nh6 Be6 24. Qf4 Rxd4 25. Rxd4 Qxa2 26.
Rd8 Kg7 27. Ng4 Bxg4 28. Qxg4 Qa3 29. Qd4 b6 30. e6+ f6 31. Qd7+ Kh6 32. Rxe8 Qe3+ 33. Kh1 Qe2 34. Rg1 Rxe8 35.
Qxe8 g5 36. Qf8+ Kh5 37. g4+ Kg6 38. Qf7+ Kh6 39. Qxf6# 1-0



[ePGN "0.1;DGT LiveChess/2.2.6"]

[Event "MČR mládeže v rapid šachu 2024 H10"]
[Site "Harrachov, Czech Republic"]
[Date "????.??.??"]
[Round "5.3"]
[White "Zelenka Tomas"]
[Black "Vo Daniel"]
[Result "0-1"]
[TimeControl "20+5"]
[WhiteFideId "23750200"]
[BlackFideId "23761229"]
[WhiteElo "1607"]
[BlackElo "1679"]

1. e4 c5 2. Nf3 d6 3. d4 cxd4 4. Nxd4 Nf6 5. Nc3 a6 6. Bc4 e6 7. O-O b5 8. Bb3 b4 9. Nb1 Nxe4 10.
Re1 Nc5 11. Bd5 Bb7 12. Qf3 Bxd5 13. Qxd5 Ra7 14. Bf4 Be7 15. Qf3 O-O 16. Qg4 f5 17. Qg3 e5 18. Bh6 Bh4 19. Qf3 exd4 20.
Qd5+ Raf7 21. Bf4 Ne4 22.
g3 Be7 23. Qxd4 Nc6 24. Qc4 Ne5 25.
Qb3 Qb6 26. Be3 Qb7 27. Bf4 Bg5 28. Bxg5 Nxg5 29. f4 Ngf3+ 30. Kf2 Qb6+ 31. Re3 Nd4 32. Qa4 Ng4+ 33. Ke1 Nxc2+ 34. Kd1 Qxe3 35.
Kxc2 Nxh2 36. Nd2 Qxg3 37. Qxb4 d5 38. Qc5 Qxf4 39. Re1 Rc7 40. Kb1 Qxd2 41. Qxc7 Qxe1+ 42. Kc2 Qe4+ 43. Kc1 Qc4+ 44. Qxc4 dxc4 45. Kc2 c3 46. Kxc3 Rc8+ 47. Kd4 Rc2 48.
a4 a5 49. b4 Ra2 50. b5 Nf3+ 51. Kc5 Ne5 52. b6 Nd7+ 53.
Kc6 Nxb6 54. Kxb6 f4 55. Kxa5 f3 56. Ka6 f2 57. a5 f1=R 58. Kb6 g5 59. a6 Rxa6+ 60. Kxa6 g4 61.
Kb5 g3 62. Kc4 g2 63. Kd3 g1=R 64. Ke2 h5 65. Ke3 h4 66. Ke2 h3 67. Kd3 h2 68. Ke4 h1=Q+ 69. Ke3 Rf3+ 70. Ke2 Rfg3 71. Kd2 Qg2# 0-1



[ePGN "0.1;DGT LiveChess/2.2.6"]

[Event "MČR mládeže v rapid šachu 2024 H10"]
[Site "Harrachov, Czech Republic"]
[Date "????.??.??"]
[Round "5.4"]
[White "Bukovskij Dmitri"]
[Black "Stepnicka Filip"]
[Result "0-1"]
[TimeControl "20+5"]
[WhiteFideId "23749660"]
[BlackFideId "23771542"]
[WhiteElo "1700"]
[BlackElo "1531"]

1. d4 d5 2. c4 e6 3. Nc3 Nf6 4. cxd5 exd5 5. Bg5 Bb4 6. e3 Bxc3+ 7. bxc3 c5 8. Nf3 Nc6 9. Bb5 Bd7 10. O-O cxd4 11. cxd4 O-O 12.
Bd3 h6 13. Bxf6 Qxf6 14. Qb3 b6 15. Qxd5 Rfd8 16. Qb3 Be6 17. Qc3 Rac8 18. Qd2 Bg4 19. Be4 Bxf3 20. Bxf3 Qg6 21. Rac1 Ne5 22.
Qe2 Nxf3+ 23. Qxf3 Rc2 24. a3 Rdc8 25. Rxc2 Qxc2 26. Qb7 Rc7 27. Qa6 Qc3 28. h3 Qc2 29. Qb5 Rc8 30. a4 Qc7 31. a5 bxa5 32. Ra1 Rb8 33. Qxa5 Rb1+ 34.
Rxb1 Qxa5 35. Kh2 Qc7+ 36. g3 a5 37. Kg2 a4 38. Kf3 a3 39. Rb3 a2 40. Ra3 Qc2 41. g4 Qb2 42. Ra8+ Kh7 0-1



[ePGN "0.1;DGT LiveChess/2.2.6"]

[Event "MČR mládeže v rapid šachu 2024 H10"]
[Site "Harrachov, Czech Republic"]
[Date "????.??.??"]
[Round "5.5"]
[White "Krivka Lukas"]
[Black "Lutskiy Mikhail"]
[Result "0-1"]
[TimeControl "20+5"]
[WhiteFideId "23752092"]
[BlackFideId "23744308"]
[WhiteElo "1489"]
[BlackElo "1729"]

1. d4 Nf6 2. c4 e6 3. Nc3 d5 4. cxd5 exd5 5. Bg5 Be7 6. Nf3 Be6 7. e3 O-O 8. Bd3 Nbd7 9. O-O h6 10. Bh4 b6 11. h3 c5 12. Rc1 c4 13. Bc2 a6 14.
e4 dxe4 15. Nxe4 b5 16. Ne5 Nxe5 17. dxe5 Nxe4 18. Bxe7 Qxe7 19. Bxe4 Rad8 20. Qe2 Qc5 21. b3 Kh8 22. Qb2 Rd4 23.
Rfe1 Qxe5 24. Bf5 Qf6 25. Bxe6 fxe6 26. Rxe6 Rd1+ 27. Rxd1 Qxb2 28. bxc4 Qxf2+ 29. Kh1 bxc4 30. Rxa6 c3 31. Rc6 Re8 32. Kh2 c2 33. Rc1 Qf4+ 34. Kg1 Qxc1+ 35. Kh2 Qf4+ 0-1



[ePGN "0.1;DGT LiveChess/2.2.6"]

[Event "MČR mládeže v rapid šachu 2024 H10"]
[Site "Harrachov, Czech Republic"]
[Date "????.??.??"]
[Round "5.6"]
[White "Trejbal Jindrich"]
[Black "Kobersky Matyas"]
[Result "1-0"]
[TimeControl "20+5"]
[WhiteFideId "23743948"]
[BlackFideId "23747501"]
[WhiteElo "1631"]
[BlackElo "1533"]

1. e4 c5 2. c4 d6 3. Nc3 Nc6 4. d3 Nf6 5. g3 g6 6. Bg2 Bg7 7. Nge2 Bg4 8. h3 Be6 9. Nd5 Bxd5 10.
exd5 Ne5 11. f4 Ned7 12. Bd2 O-O 13. Bc3 Nb6 14. O-O Re8 15. Qc2 Qc7 16. f5 Rf8 17. Rae1 Rae8 18. fxg6 fxg6 19.
Nf4 Qd7 20. Ne6 Rf7 21. Qf2 Rc8 22. g4 Qe8 23. Nxg7 Rxg7 24. g5 Rf7 25. gxf6 Nd7 26. Qe2 Nb6 27. fxe7 Rc7 28. Rxf7 Kxf7 29.
Rf1+ Kg7 30. Re1+ Kf7 31. Rf1+ Kg8 32. Qe6+ 1-0



[ePGN "0.1;DGT LiveChess/2.2.6"]

[Event "MČR mládeže v rapid šachu 2024 H10"]
[Site "Harrachov, Czech Republic"]
[Date "????.??.??"]
[Round "5.7"]
[White "Macharacek Jakub"]
[Black "Hovhannisyan Narek"]
[Result "1-0"]
[TimeControl "20+5"]
[WhiteFideId "23766697"]
[BlackFideId "23778024"]
[WhiteElo "1584"]
[BlackElo "1570"]

1. e4 c6 2. d4 d5 3. exd5 cxd5 4. Bd3 Nc6 5. c3 Nf6 6. Bf4 e6 7.
Nd2 Bd6 8. Bxd6 Qxd6 9. Ngf3 O-O 10. O-O Bd7 11. Rc1 Rfc8 12.
Re1 a6 13. Ne5 Qc7 14. Ndf3 Qa5 15. a3 Nxe5 16. dxe5 Ba4 17. Qe2 Nd7 18. Nd4 Qb6 19. Kh1 Nc5 20. Bb1 Bb3 21. Qh5 h6 22.
Re3 Bc4 23. b4 Nd7 24. Rg3 Ba2 25. Bxa2 Qxd4 26. Qxh6 Qxe5 27. Qh4 Nf6 28. f4 Qe2 29. Qxf6 g6 30. Bb1 Qb2 31. Rg1 Qxa3 32.
Bxg6 Rc7 33. Bxf7+ Kf8 34. Rg8# 1-0



[ePGN "0.1;DGT LiveChess/2.2.6"]

[Event "MČR mládeže v rapid šachu 2024 H10"]
[Site "Harrachov, Czech Republic"]
[Date "????.??.??"]
[Round "5.8"]
[White "Bartak Tobias"]
[Black "Burel Jan"]
[Result "1/2-1/2"]
[TimeControl "20+5"]
[WhiteFideId "23753544"]
[BlackFideId "23754907"]
[WhiteElo "1563"]
[BlackElo "1566"]

1. e4 e5 2. Nf3 Nc6 3. Bb5 Nf6 4. O-O d6 5. c3 a6 6. Bxc6+ bxc6 7. d4 Bg4 8. dxe5 Bxf3 9. Qxf3 dxe5 10.
Rd1 Bd6 11. Bg5 Qe7 12. Nd2 O-O 13. Nc4 Qe6 14. Nxd6 cxd6 15. Bxf6 gxf6 16. Qh5 f5 17. exf5 Qe7 18. Rd3 f6 19.
Rg3+ Kh8 20. Rd1 Rg8 21. Rdd3 Rxg3 22. Rxg3 Rg8 23. Rg6 Rxg6 24. fxg6 c5 25. Qh6 Kg8 26. gxh7+ Qxh7 27. Qxh7+ Kxh7 28.
Kf1 d5 29. Ke2 d4 30. cxd4 exd4 31. a3 a5 32. Kd3 a4 33. b4 cxb4 34. Kxd4 b3 35. Kc3 Kg6 36. f3 f5 37. h3 1/2-1/2



[ePGN "0.1;DGT LiveChess/2.2.6"]

[Event "MČR mládeže v rapid šachu 2024 H10"]
[Site "Harrachov, Czech Republic"]
[Date "????.??.??"]
[Round "6.1"]
[White "Zidek Damian"]
[Black "Strihavka Petr"]
[Result "1-0"]
[TimeControl "20+5"]
[WhiteFideId "23761652"]
[BlackFideId "23760702"]
[WhiteElo "1763"]
[BlackElo "1546"]

1. d4 d5 2. c4 e6 3.
Nc3 Nf6 4. cxd5 Nxd5 5. e4 Nf6 6.
Nf3 Bb4 7. Qc2 O-O 8. Bd3 h6 9. O-O b6 10. a3 Be7 11. e5 Nd5 12. Nxd5 exd5 13. Bf4 c5 14. Qd2 g5 15. Be3 Bg4 16.
h4 Bxf3 17. gxf3 cxd4 18. Bxd4 Nc6 19. Bc3 d4 20. Bb4 Bxb4 21. axb4 Nxe5 22. Be4 Rc8 23. f4 Nc4 24. Qe2 f6 25.
Qh5 Qe8 26. Qxh6 Qxe4 27. hxg5 Qh7 28. Qxh7+ Kxh7 29. Rxa7+ Kg8 30. g6 Nxb2 31. Kg2 Nd3 32. Kg3 Rc1 33. Rxc1 Nxc1 34. Rd7 d3 35.
f5 Re8 36. Kh4 Re2 37. Rd8+ Kg7 38. Rd7+ Kf8 39. g7+ Kg8 40. Kh5 Re8 41. Kg6 Ne2 42. Kxf6 Nf4 43. Kg5 Nh3+ 44. Kh6 Nxf2 45.
f6 Ng4+ 46. Kg5 Ne5 47. Re7 1-0



[ePGN "0.1;DGT LiveChess/2.2.6"]

[Event "MČR mládeže v rapid šachu 2024 H10"]
[Site "Harrachov, Czech Republic"]
[Date "????.??.??"]
[Round "6.2"]
[White "Lutskiy Mikhail"]
[Black "Stepnicka Filip"]
[Result "1-0"]
[TimeControl "20+5"]
[WhiteFideId "23744308"]
[BlackFideId "23771542"]
[WhiteElo "1729"]
[BlackElo "1531"]

1. e4 e5 2. Nf3 Nc6 3. Bc4 Bc5 4.
c3 Nf6 5. d3 d6 6. O-O O-O 7. Nbd2 Bg4 8.
b4 Bb6 9. a4 a6 10. Re1 Qd7 11. h3 Bh5 12. Nf1 Rfe8 13. Ng3 Bg6 14. Nh4 Rad8 15. Bg5 Qe7 16. Nhf5 Qf8 17. Bxf6 gxf6 18.
Qg4 Kh8 19. Qh4 Re6 20. Bxe6 fxe6 21. Ne3 Bxe3 22. fxe3 d5 23. Rf1 f5 24. exf5 exf5 25. Qg5 Ne7 26. e4 dxe4 27. dxe4 f4 28.
Qxe5+ Qg7 29. Qxg7+ Kxg7 30. Rxf4 Rd3 31. Rf3 Rxf3 32. gxf3 b5 33. axb5 axb5 34. Ra7 Kf6 35. Rxc7 h5 36. h4 Bf7 37. f4 Ke6 38.
e5 Bg6 39. Rb7 Bd3 40. Nxh5 Nf5 41. Ng7+ Nxg7 42. Rxg7 Kf5 43. Rf7+ Kg4 44. e6 Bc4 45. f5 Kxh4 46. Rg7 Bxe6 47.
fxe6 Kh5 48. e7 Kh6 49. Rg2 Kh7 50. e8=R Kh6 51. Rh8# 1-0



[ePGN "0.1;DGT LiveChess/2.2.6"]

[Event "MČR mládeže v rapid šachu 2024 H10"]
[Site "Harrachov, Czech Republic"]
[Date "????.??.??"]
[Round "6.3"]
[White "Vo Daniel"]
[Black "Trejbal Jindrich"]
[Result "1-0"]
[TimeControl "20+5"]
[WhiteFideId "23761229"]
[BlackFideId "23743948"]
[WhiteElo "1679"]
[BlackElo "1631"]

1. e4 e5 2. Nf3 Nc6 3. d4 exd4 4. Bc4 Bc5 5. c3 Nge7 6. cxd4 Bb4+ 7. Nc3 d5 8. exd5 Nxd5 9. O-O Bxc3 10.
bxc3 O-O 11. Bb2 Be6 12. Bd3 Nf4 13. Be4 Bd5 14. Bc2 Qd7 15. Bc1 Qg4 16. Bxf4 Qxf4 17. Qd3 f5 18. Bb3 Bxb3 19.
axb3 Rfe8 20. Rfe1 Re4 21. Qc4+ Kh8 22. Qf7 Qg4 23. Ne5 Nxe5 24. dxe5 Qg6 25. Qxc7 Rxe1+ 26. Rxe1 Qc6 27. Qxc6 bxc6 28.
f4 Kg8 29. Kf2 Kf7 30. Ke3 Rd8 31. Re2 Ke6 32. Ra2 Rd7 33. c4 Rb7 34. Ra3 h6 35. Kd4 g5 36. g3 gxf4 37. gxf4 Rg7 38. Kc5 Rc7 39. Ra2 Rb7 40.
b4 Kd7 41. Rg2 Ke8 42. Rg6 Kf7 43. Rxh6 Kg7 44. Rxc6 Rd7 45. Rd6 Rc7+ 46. Kd5 Rb7 47. b5 Kf8 48. Kc6 Rb6+ 49. Kc7 Rxd6 50. exd6 Kf7 51. d7 Ke6 52. d8=Q a6 53. Qe8+ Kf6 54. Qe5+ Kg6 55. Qe6+ Kh7 56. Qxf5 Kg7 57. Qg5 Kf7 58. b6 a5 59. b7 a4 60.
b8=R a3 61. Qf5 Ke7 62. Rd8 a2 63. Rd7 Ke8 64. Qf7+ 1-0



[ePGN "0.1;DGT LiveChess/2.2.6"]

[Event "MČR mládeže v rapid šachu 2024 H10"]
[Site "Harrachov, Czech Republic"]
[Date "????.??.??"]
[Round "6.4"]
[White "Bucek Vit"]
[Black "Hlavacek Pavel"]
[Result "1-0"]
[TimeControl "20+5"]
[WhiteFideId "23750812"]
[BlackFideId "23761768"]
[WhiteElo "1586"]
[BlackElo "1641"]

1. e4 c6 2. d4 d5 3.
Nc3 dxe4 4. Nxe4 Bf5 5.
Ng3 Bg6 6. h4 h6 7. Nf3 Nd7 8. h5 Bh7 9. Bd3 Bxd3 10. Qxd3 Ngf6 11. Bd2 e6 12. O-O-O Be7 13. Kb1 O-O 14.
Ne4 Nxe4 15. Qxe4 Nf6 16. Qd3 Qd5 17. Rhe1 Rfd8 18. c4 Qd7 19. Bc3 Qc7 20. Qe2 Bd6 21. Ne5 Bxe5 22. dxe5 Nh7 23.
g4 Rxd1+ 24. Rxd1 Rd8 25. f4 Rd7 26. Rxd7 Qxd7 27. Kc2 b5 28. Qd3 Qe8 29. Bb4 Qc8 30. cxb5 cxb5+ 31. Qc3 Qb7 32.
Qd2 Qc7+ 33. Kb1 f6 34. Qd6 Qxd6 35. exd6 Nf8 36. Kc2 Kf7 37. Kd3 Nd7 38. Ke4 g6 39. hxg6+ Kxg6 40. f5+ exf5+ 41. gxf5+ Kf7 42. Kf4 Nb6 43. Kg4 Nd7 44. Kh5 Kg7 45. Bd2 Kf7 46. Bxh6 Nb6 47. Be3 Nc4 48. Bc5 Ne5 49. Bxa7 Ke8 50.
Bd4 Nd7 51. Kg6 Kd8 52. Bxf6+ Kc8 53. Bd4 Kb7 54. f6 Kc6 55. f7 Kxd6 56. Kg7 Kd5 57. Bc3 Kc4 58. a3 Kb3 59. f8=Q Nxf8 60. Kxf8 b4 61. axb4 Ka4 62.
Ke7 Kb5 63. Kd6 Kb6 64. b3 Kb5 65.
Kd5 Kb6 66. Kc4 Kc6 67. b5+ Kb6 68. Bd4+ Kc7 69. Kc5 Kb7 70. b6 Kc8 71. Kc6 Kb8 72.
Bb2 Kc8 73. Ba1 Kb8 74. b7 Ka7 75. Kc7 Ka6 76. b8=Q Ka5 77. Qb6# 1-0



[ePGN "0.1;DGT LiveChess/2.2.6"]

[Event "MČR mládeže v rapid šachu 2024 H10"]
[Site "Harrachov, Czech Republic"]
[Date "????.??.??"]
[Round "6.5"]
[White "Burel Jan"]
[Black "Macharacek Jakub"]
[Result "1/2-1/2"]
[TimeControl "20+5"]
[WhiteFideId "23754907"]
[BlackFideId "23766697"]
[WhiteElo "1566"]
[BlackElo "1584"]

1. e4 d5 2. exd5 Nf6 3.
Nf3 Nxd5 4. d4 Bf5 5. c4 Nf6 6. Nc3 e6 7. Be2 Nbd7 8. b3 b6 9. O-O c5 10. d5 Be7 11. Bb2 a6 12.
Bd3 Bxd3 13. Qxd3 exd5 14. Nxd5 Nxd5 15. Qxd5 O-O 16. Rad1 Nf6 17. Qxd8 Rfxd8 18. Ne5 Rxd1 19. Rxd1 Rd8 20.
Rxd8+ Bxd8 21. f3 Bc7 22. Kf2 Kf8 23. h3 Ke7 24. Ke3 Ke6 25. Nd3 g6 26. f4 Nd7 27. g4 f5 28. g5 b5 29. Ba3 b4 30. Bb2 Bd6 31. Kf3 a5 32. Bc1 Nb6 33. Be3 Nd7
34. h4 Kf7 35. Bc1 Kg8 36. Bb2 h5 37. gxh6 Bf8 38. Be5 Be7 39. Kg3 Bd8 1/2-1/2



[ePGN "0.1;DGT LiveChess/2.2.6"]

[Event "MČR mládeže v rapid šachu 2024 H10"]
[Site "Harrachov, Czech Republic"]
[Date "????.??.??"]
[Round "6.6"]
[White "Vratny Vojtech"]
[Black "Bukovskij Dmitri"]
[Result "1/2-1/2"]
[TimeControl "20+5"]
[WhiteFideId "23753692"]
[BlackFideId "23749660"]
[WhiteElo "1591"]
[BlackElo "1700"]

1. Nf3 c5 2. g3 e6 3. Bg2 d5 4.
O-O Nf6 5. d3 Nc6 6. Nbd2 g6 7. e4 Bg7 8.
c3 O-O 9. Qc2 Re8 10. Re1 d4 11. a4 e5 12. Nc4 b6 13. Bg5 Ba6 14. Nfd2 h6 15. Bxf6 Bxf6 16. Rad1 Bg7 17. Na3 dxc3 18.
Qxc3 Qxd3 19. Qxd3 Bxd3 20. Nf3 Rad8 21. Re3 Ba6 22. Rxd8 Rxd8 23. h4 Nd4 24. Kh2 Nxf3+ 25. Rxf3 Rd4 26.
Nb5 Bxb5 27. axb5 Rxe4 28. Rxf7 Rxh4+ 29. gxh4 Kxf7 30. Bd5+ Ke7 31. Kg3 Kf6 32. f4 Kf5 33. Kf3 g5 34.
hxg5 hxg5 35. fxg5 Kxg5 36. Ke4 Kg4 37. b3 Kg3 38. Bc4 Kf2 39. Bd5 Ke2 40. Bc4+ Kd2 41. Bd5 Kc3 42. Bc4 Kb4 43.
Kd3 Ka5 44. Ke4 Bf6 45. Kd3 Bd8 46.
Ke4 Bc7 47. Kd3 Bb8 48. Ke4 a6 49. bxa6 b5 50. Bd3 Kxa6 51. Kd5 Kb6 52. Be4 Bc7 53. Bd3 Bd8 54. Be4 Bg5 55. Kxe5 Be3 56. Kd5 Bd4 57. Bd3 Bc3 58.
Ke4 Kc6 59. Kf3 Bd4 60. Ke4 Bc3 61. Kf3 c4 62. Bxc4 1/2-1/2



[ePGN "0.1;DGT LiveChess/2.2.6"]

[Event "MČR mládeže v rapid šachu 2024 H10"]
[Site "Harrachov, Czech Republic"]
[Date "????.??.??"]
[Round "6.8"]
[White "Skoloud Josef"]
[Black "Bartak Tobias"]
[Result "1-0"]
[TimeControl "20+5"]
[WhiteFideId "23744111"]
[BlackFideId "23753544"]
[WhiteElo "1683"]
[BlackElo "1563"]

1. e4 e5 2. f4 exf4 3. Nf3 Nf6 4.
e5 Ng8 5. d4 d6 6. Bxf4 dxe5 7. Nxe5 Nd7 8. Bc4 Nxe5 9. Bxe5 Qh4+ 10. Kf1 Bg4 11. Qd2 Ne7 12. Bxc7 Qf6+ 13. Qf4 Qxf4+ 14. Bxf4 Rc8 15. Bb3 Nf5 16. h3 Nxd4 17. hxg4 Nxb3 18. cxb3 Bd6 19. Be3 Be5 20. Nc3 Bxc3 21. bxc3 Rxc3 1-0



[ePGN "0.1;DGT LiveChess/2.2.6"]